 Dungeon Crawl Stone Soup version 0.21-a0-321-g91e3373 (webtiles) character file.

9 vishdafish the Grave Robber (level 2, 18/19 HPs)
             Began as a Demonspawn Necromancer on Sept 30, 2017.
             Quit the game on level 1 of the Dungeon.
             The game lasted 00:01:11 (662 turns).

vishdafish the Grave Robber (Demonspawn Necromancer) Turns: 662, Time: 00:01:12

Health: 18/19      AC:  2    Str:  8    XL:     2   Next: 6%
Magic:  4/5        EV: 12    Int: 16    God:
Gold:   4          SH:  0    Dex: 13    Spells: 4/5 levels left

rFire    . . .     SeeInvis .   e - +0 short sword
rCold    . . .     Gourm    .   (no shield)
rNeg     . . .     Faith    .   a - +0 robe
rPois    .         Spirit   .   (no helmet)
rElec    .         Reflect  .   (no cloak)
rCorr    .         Harm     .   (no gloves)
MR       .....                  (no boots)
Stlth    ++........             (no amulet)
HPRegen  0.06/turn              (no ring)
MPRegen  0.09/turn              (no ring)

@: no status effects
A: powered by pain 1
a: no special abilities


You were on level 1 of the Dungeon.
You were not hungry.

You visited 1 branch of the dungeon, and saw 1 of its levels.

You collected 4 gold pieces.

Inventory:

Hand Weapons
 e - a +0 short sword (weapon)
Armour
 a - a +0 robe (worn)
Scrolls
 f - 3 scrolls of remove curse {unknown}
Potions
 g - a potion of degeneration {unknown}
 h - a potion of curing {unknown}
Books
 b - a book of Necromancy

   Spells                             Type                      Level
   a - Pain                           Necromancy                   1
   b - Animate Skeleton               Necromancy                   1
   c - Vampiric Draining              Necromancy                   3
   d - Regeneration                   Charms/Necromancy            3
   e - Animate Dead                   Necromancy                   4
   f - Control Undead                 Necromancy                   4
Comestibles
 c - 2 bread rations
 d - a royal jelly


   Skills:
 + Level 1.8 Dodging
 + Level 1.8 Stealth
 + Level 2.0 Spellcasting
 + Level 4.8 Necromancy


You had 4 spell levels left.
You knew the following spells:

 Your Spells              Type           Power        Failure   Level  Hunger
a - Pain                  Necr           ###.         2%          1    #......


Dungeon Overview and Level Annotations

Branches:
Dungeon (1/15)

Altars:


Innate Abilities, Weirdness & Mutations

You sometimes gain a little power by taking damage.


Message History

You have reached level 2!
Your demonic ancestry asserts itself...
You feel energised by your suffering.
f - 3 scrolls labeled QEGOALLASCH (gained 1)
A hobgoblin comes into view. It is wielding a club.
Casting: Pain
Confirm with . or Enter, or press ? or * to list all spells.
Aiming: Pain
Press: ? - help, Shift-Dir - straight line, f - you That beam is likely to hit you.
Continue anyway?
Okay, then.
The hobgoblin shouts!
Casting: Pain
Confirm with . or Enter, or press ? or * to list all spells.
Aiming: Pain
Press: ? - help, Shift-Dir - straight line, f - hobgoblin
Aim: a hobgoblin, wielding a club (chance to defeat MR: 87%)
The hobgoblin writhes in agony!
You kill the hobgoblin!
Are you sure you want to abandon this character and quit the game? (Confirm with "yes".)

#.# #.# ##. ## #.#
#.. .## #.# #.# #.#
#.# #.# .## #.# #)#
.# #.# #.# .# #.# #.#
.##########.####@##.#
....................#
###.....###.#########
#.##### #.# ###.# #.#
....# #.# ##### #.#
#.# #.


There were no monsters in sight!

Vanquished Creatures
  2 bats (D:1)
  A goblin (D:1)
  2 hobgoblins (D:1)
  A kobold (D:1)
  4 rats (D:1)
10 creatures vanquished.

Notes
Turn   | Place    | Note
-------+----------+-------------------------------------------
     0 | D:1      | vishdafish the Demonspawn Necromancer began the quest for the Orb.
     0 | D:1      | Reached XP level 1. HP: 13/13 MP: 3/3
   629 | D:1      | Gained mutation: You sometimes gain a little power by taking damage. [demonic ancestry]
   629 | D:1      | Reached XP level 2. HP: 19/19 MP: 3/5
   662 | D:1      | Quit the game

Vault maps used:
D:1:      minmay_arrival_stair_chambers

Action                   || total
-------------------------++-------
Melee: Short sword       ||    16
       Unarmed           ||     3
 Cast: Pain              ||    10
Armor: Robe              ||     3
Dodge: Dodged            ||    13

Table legend:
 A = Spawn XP
 B = Non-spawn XP
 C = Spawn XP percentage of total XP
 D = Spawn monster count
 E = Non-spawn monster count
 F = Spawn count percentage of total count
 G = Total turns spent on level
                    A         B        C        D         E        F      G
               +---------+---------+-------+---------+---------+-------+---------
         Total |       0 |      14 |   0.0 |       0 |      10 |   0.0 |   662
               +---------+---------+-------+---------+---------+-------+---------
           D:1 |       0 |      14 |   0.0 |       0 |      10 |   0.0 |   662
               +---------+---------+-------+---------+---------+-------+---------
